 Dungeon Crawl Stone Soup version 0.29.1-2-gbd0b4ee654 (webtiles) character file.

Game seed: 1445636587363512299

48 DildoBatman the Conjurer (level 4, -1/32 HPs)
             Began as a Formicid Conjurer on Dec 1, 2022.
             Slain by a worm (9 damage)
             ... on level 3 of the Dungeon.
             The game lasted 00:02:48 (1154 turns).

DildoBatman the Conjurer (Formicid Conjurer)        Turns: 1154, Time: 00:02:49

Health: -1/32      AC:  3    Str: 12    XL:     4   Next: 0%
Magic:  8/8        EV: 12    Int: 19    God:
Gold:   30         SH:  0    Dex: 12    Spells: 5/8 levels left

rFire   . . .      SeeInvis +   o - +1 dagger (venom)
rCold   . . .      Faith    .   (no shield)
rNeg    . . .      Spirit   .   a - +0 robe
rPois   .          Reflect  .   (helmet unavailable)
rElec   .          Harm     .   (no cloak)
rCorr   .          Rampage  .   (no gloves)
Will    .....                   j - +0 pair of boots
Stlth   ++........              (no amulet)
HPRegen 0.10/turn               m - ring of wizardry
MPRegen 0.11/turn               (no ring)

@: lethally poisoned (-1 -> -8)
A: permanent stasis, dig shafts and tunnels, antennae 3, four strong arms
a: Dig, Shaft Self


You were on level 3 of the Dungeon.
You visited 1 branch of the dungeon, and saw 3 of its levels.

You collected 30 gold pieces.

Inventory:

Hand Weapons
 o - a +1 dagger of venom (weapon)
Missiles
 d - 21 stones
Armour
 a - a +0 robe (worn)
 j - a +0 pair of boots (worn)
Jewellery
 m - a ring of wizardry (left hand)
Scrolls
 c - a scroll of identify {unknown}
 f - a scroll of magic mapping {unknown}
 g - a scroll of silence {unknown}
 i - a scroll of torment {unknown}
 l - 2 scrolls of blinking {unknown}
 p - a scroll of butterflies {unknown}
Potions
 b - a potion of magic
 e - a potion of ambrosia {unknown}
 h - a potion of lignification {unknown}
 k - 2 potions of heal wounds {unknown}
 n - a potion of curing {unknown}


   Skills:
 * Level 1.5 Fighting
 * Level 1.3 Armour
 - Level 2.0 Dodging
 - Level 2.4 Stealth
 * Level 2.7 Spellcasting
 * Level 3.9 Conjurations


You had 5 spell levels left.
You knew the following spells:

 Your Spells              Type           Power      Damage    Failure   Level
a - Searing Ray           Conj           34%        2d5       1%          2
c - Magic Dart            Conj           68%        1d6       1%          1

Your spell library contained the following spells:

 Spells                   Type           Power      Damage    Failure   Level
 Dazzling Flash           Conj/Hex       20%        N/A       9%          3
 Fulminant Prism          Conj/Hex       5%         3d7       26%         4
 Iskenderun's Mystic Bla  Conj/Tloc      10%        2d4       26%         4
 Agony                    Necr           2%         N/A       83%         5
 Silence                  Hex/Air        1%         N/A       83%         5


Dungeon Overview and Level Annotations

Branches:
Dungeon (2/15)

Altars:

Annotations:
D:2 Jessica, Robin


Innate Abilities, Weirdness & Mutations

You cannot be hasted, slowed, berserked, paralysed or teleported.
You can dig through walls and to a lower floor.
You have a pair of large antennae on your head. (SInv)
Your four strong arms can wield two-handed weapons with a shield.


Message History

Orders for allies: a - Attack new target. r - Retreat! s - Stop attacking. g - Guard the area. f - Follow me.
Anything else - Cancel.
You shout for attention!
You feel sick. The adder barely misses you. What are your orders? t - Shout!
Orders for allies: a - Attack new target. r - Retreat! s - Stop attacking. g - Guard the area. f - Follow me.
Anything else - Cancel.
You shout for attention!
You feel sick. The adder barely misses you. The worm barely misses you.
The adder bites you.
You are more poisoned.
The adder poisons you! What are your orders? t - Shout!
Orders for allies: a - Attack new target. r - Retreat! s - Stop attacking. g - Guard the area. f - Follow me.
Anything else - Cancel.
You shout for attention!
You feel very sick. The adder barely misses you.
What are your orders? t - Shout!
Orders for allies: a - Attack new target. r - Retreat! s - Stop attacking. g - Guard the area. f - Follow me.
Anything else - Cancel.
You shout for attention!
You feel sick. The adder bites you but does no damage. The worm bites you!
You die...

#8.# #..# #
#..# .# #..#
..# . #..# ...#
#.. #.8# ....#
###..#..#.....#
...[...@w.....#
##..#..S#######
#.#.. #.##.. #
##. #. .. ..


You could see a worm and an adder.

Vanquished Creatures
  2 adders (D:2)
  11 ball pythons
  3 bats
  2 endoplasms
  A goblin (D:1)
  3 hobgoblins
  A quokka (D:1)
  A frilled lizard (D:2)
  4 rats
28 creatures vanquished.

Notes
Turn   | Place    | Note
-------+----------+-------------------------------------------
     0 | D:1      | DildoBatman the Formicid Conjurer began the quest for the
                  | Orb.
     0 | D:1      | Reached XP level 1. HP: 13/13 MP: 3/3
   215 | D:1      | Reached XP level 2. HP: 9/20 MP: 0/5
   218 | D:1      | Learned a level 2 spell: Searing Ray
   604 | D:1      | Found a faded altar of an unknown god.
   716 | D:1      | Reached skill level 1 in Fighting
   801 | D:2      | Reached skill level 1 in Armour
   801 | D:2      | Reached XP level 3. HP: 26/26 MP: 1/6
   905 | D:2      | Noticed Jessica
   926 | D:2      | Noticed Robin
  1133 | D:2      | Reached XP level 4. HP: 32/32 MP: 6/8
  1135 | D:2      | You fall into a shaft and drop 1 floor!
  1154 | D:3      | Slain by a worm

Illustrated notes

Levels and vault maps discovered:
D:1:      dpeg_arrival_refuge, layout_rooms, dilly_ecumenical_altar_fadedgnrine,
          chequers_avenue, hangedman_decor_points
D:2:      layout_loops_ring, uniq_robin, uniq_sigmund, uniq_jessica
D:3:      layout_basic, chequers_decorated_corner

Skill      XL: |  1  2 |
---------------+-------+-----
Dodging        | 2 |  2.0
Fighting       | 1 |  1.5
Armour         | 1 |  1.3
Stealth        | |  2.4
Spellcasting   | |  2.7
Conjurations   | |  3.9

Action                   |  1- 3 |  4- 6 || total
-------------------------+-------+-------++-------
Melee: Unarmed           |     8 |       ||     8
       Hand axe          |     3 |       ||     3
       Dagger            |     6 |       ||     6
 Cast: Magic Dart        |    48 |       ||    48
       Searing Ray       |     1 |       ||     1
 Abil: Shaft Self        |       |     1 ||     1
 Stab: Sleeping          |     1 |       ||     1
Armor: Robe              |     4 |     4 ||     8
Dodge: Dodged            |    10 |    10 ||    20
